 Dungeon Crawl Stone Soup version 0.26-a0-542-gbaa144ba5c (webtiles) character file.

Game seed: 3356284300988132883

692 Devinter the Slasher (level 7, 0/55 (56) HPs)
             Began as a Barachi Fighter on Aug 7, 2020.
             Slain by a sky beast (6 damage)
             ... on level 5 of the Dungeon on Aug 18, 2020.
             The game lasted 00:39:01 (5359 turns).

Devinter the Slasher (Barachi Fighter)              Turns: 5359, Time: 00:39:01

HP:   0/55 (56)     AC:  6    Str: 18    XL:     7   Next: 63%
MP:   7/7           EV:  8    Int:  9    God:
Gold: 178           SH:  9    Dex: 12    Spells: 6/6 levels left

rFire    . . .     SeeInvis .   a - +0 long sword
rCold    . . .     Faith    .   c - +0 kite shield
rNeg     . . .     Spirit   .   C - +0 leather armour {rPois}
rPois    +         Reflect  .   u - +1 helmet
rElec    .         Harm     .   l - +0 cloak
rCorr    +                      (no gloves)
MR       .....                  (no boots)
Stlth    +.........             (no amulet)
HPRegen  0.18/turn              j - ring of flight
MPRegen  0.10/turn              o - ring of resist corrosion

@: drained, slow
A: +LOS, swims, slowness 1, strong legs 1
a: Hop, Evoke Flight


You were on level 5 of the Dungeon.
You visited 1 branch of the dungeon, and saw 5 of its levels.

You collected 178 gold pieces.

Inventory:

Hand Weapons
 a - a +0 long sword (weapon)
 k - a +4 quarterstaff of chaos
 n - a +0 quarterstaff
Missiles
 e - 114 arrows
 v - 40 bolts
 z - 8 boomerangs (quivered)
 E - 4 javelins
Armour
 b - a +0 scale mail
 c - a +0 kite shield (worn)
 l - a +0 cloak (worn)
 q - a +1 helmet
 u - a +1 helmet (worn)
 C - a +0 leather armour of poison resistance (worn)
Jewellery
 j - a ring of flight (left hand)
 o - a ring of resist corrosion (right hand)
 y - an uncursed amulet of reflection {unknown}
 H - an uncursed ring of magical power {unknown}
Wands
 h - a wand of random effects (9)
 B - a wand of polymorph (10)
Scrolls
 f - 2 scrolls of teleportation
 g - a scroll of noise {unknown}
 i - 4 scrolls of identify {unknown}
 m - 2 scrolls of fog {unknown}
 s - a scroll of fear {unknown}
 x - a scroll of amnesia {unknown}
 F - 2 scrolls of remove curse {unknown}
 G - a scroll of random uselessness {unknown}
Potions
 d - a potion of might
 p - 3 potions of stabbing {unknown}
 r - a potion of haste {unknown}
 t - a potion of cancellation {unknown}
 w - a potion of flight {unknown}
 A - 2 potions of curing
 D - a potion of brilliance


   Skills:
 - Level 5.0(4.0) Fighting
 + Level 7.7(6.7) Long Blades
 - Level 5.0(4.0) Armour
 - Level 5.0(4.0) Shields


You had 6 spell levels left.
You didn't know any spells.
Your spell library contained the following spells:

 Spells                   Type           Power        Failure   Level
 Animate Skeleton         Necr           #.....       89%         1
 Apportation              Tloc           #.....       89%         1
 Corona                   Hex            #......      89%         1
 Summon Small Mammal      Summ           #...         89%         1


Dungeon Overview and Level Annotations

Branches:
Dungeon (5/15)
 Temple: D:4-7

Altars:
Hepliaklqana

Shops:
D:4 :


Innate Abilities, Weirdness & Mutations

You can be seen from farther away. (+LOS)
You can swim through water.
You cover ground slowly.
You can hop short distances.


Message History

You closely miss something. Something hits you. Something shocks you.
You completely miss something. Something hits you but does no damage.
You miss something. Something hits you. Something shocks you.
You hit something. Something hits you but does no damage.
You miss something. You block something's attack.
You miss something. Something hits you.
* * * LOW HITPOINT WARNING * * *
Something shocks you.
* * * LOW HITPOINT WARNING * * *
Something hits you.
* * * LOW HITPOINT WARNING * * *
Something shocks you.
* * * LOW HITPOINT WARNING * * *
Found a hand axe.
A sky beast appears from thin air!
Reactivating autopickup.
The sky beast hits you.
* * * LOW HITPOINT WARNING * * *
The sky beast shocks you.
You die...

### #..........### #.#
#.....#..##..## #.#
#....#..#.###[# #.#
#......#.#.#### #.#
#...#.....### #.#
#.......###.# #.#
######(....#....#
#.###.≈.##..#Y..#.###
#.....≈.....@.#..#.#
####'###.≈.###.......#.)
#.......#≈##
#........### #.....[.#≈#
...#.##### #....†..#≈#
##....[. #.......###
#.......
####'########....#..#/
#####>..........#...#.
.[....#########. ..#...


You could see a sky beast.

Vanquished Creatures
  A sky beast (D:5)
  A necrophage (D:5)
  An ogre (D:4)
  A scorpion (D:5)
  An orc priest (D:4)
  An orc wizard (D:4)
  Crazy Yiuf (D:2)
  Jessica (D:3)
  Natasha (twice) (D:2)
  Ijyb (D:3)
  Robin (D:3)
  7 adders
  An ooze (D:4)
  5 worms
  2 dart slugs
  A leopard gecko (D:2)
  14 orcs
  5 bats
  6 giant cockroaches
  13 goblins
  13 hobgoblins
  A quokka (D:3)
  2 ball pythons
  5 frilled lizards
  8 kobolds
  3 rats (D:1)
98 creatures vanquished.

Notes
Turn   | Place    | Note
-------+----------+-------------------------------------------
     0 | D:1      | Devinter the Barachi Fighter began the quest for the Orb.
     0 | D:1      | Reached XP level 1. HP: 18/18 MP: 1/1
   110 | D:1      | Reached XP level 2. HP: 25/25 MP: 2/2
   348 | D:1      | You fall into a shaft and drop 1 floor!
   432 | D:1      | Reached skill level 4 in Armour
   448 | D:1      | Reached skill level 4 in Fighting
   653 | D:2      | Noticed Natasha
   665 | D:2      | Killed Natasha
   665 | D:2      | Reached skill level 3 in Long Blades
   665 | D:2      | Reached XP level 3. HP: 6/30 MP: 3/3
  1003 | D:2      | Found a runed translucent door.
  1004 | D:2      | Noticed Crazy Yiuf
  1016 | D:2      | Killed Crazy Yiuf
  1016 | D:2      | Reached XP level 4. HP: 6/38 MP: 4/4
  1023 | D:2      | HP: 3/38 [poisoned by Crazy Yiuf]
  1031 | D:2      | HP: 2/38 [poisoned by Crazy Yiuf]
  1462 | D:2      | Reached skill level 4 in Shields
  1758 | D:2      | Noticed Natasha
  1772 | D:2      | Killed Natasha
  1928 | D:2      | Reached XP level 5. HP: 43/43 MP: 5/5
  2181 | D:3      | Noticed Jessica
  2192 | D:3      | Killed Jessica
  2340 | D:3      | Upgraded the game from 0.26-a0-501-g57170428f2 to
                  | 0.26-a0-540-g8a0c9464d7
  2352 | D:3      | Reached skill level 4 in Long Blades
  2368 | D:3      | Noticed Robin
  2395 | D:3      | Killed Robin
  2413 | D:3      | HP: 4/43 [poisoned by Robin]
  2421 | D:3      | HP: 2/43 [poisoned by Robin]
  2429 | D:3      | HP: 1/43 [poisoned by Robin]
  3067 | D:3      | Noticed Ijyb
  3098 | D:3      | Killed Ijyb
  3098 | D:3      | Reached skill level 5 in Fighting
  3098 | D:3      | Reached skill level 5 in Armour
  3098 | D:3      | Reached XP level 6. HP: 41/51 MP: 6/6
  3773 | D:4      | Found a hazy altar of Hepliaklqana.
  4299 | D:4      | Reached skill level 5 in Shields
  4309 | D:4      | Found Jaedat's Book Shop.
  4450 | D:4      | Reached skill level 5 in Long Blades
  4713 | D:4      | Reached XP level 7. HP: 52/56 MP: 7/7
  4769 | D:4      | Reached skill level 6 in Long Blades
  5040 | D:5      | Entered Level 5 of the Dungeon
  5041 | D:5      | Upgraded the game from 0.26-a0-540-g8a0c9464d7 to
                  | 0.26-a0-542-gbaa144ba5c
  5128 | D:5      | Reached skill level 7 in Long Blades
  5359 | D:5      | Slain by a sky beast

Illustrated notes

Levels and vault maps discovered:
D:1:      ncdulo_watergridlock, layout_loops_ring, minmay_misc_feat_rows
D:2:      layout_loops_corners, uniq_natasha, uniq_crazy_yiuf_cottage
D:3:      minmay_general_purpose_star, layout_basic, grunt_ministairs_4,
          uniq_jessica, uniq_ijyb, uniq_robin
D:4:      layout_loops_cross, nicolae_overflow_crystal_walls, serial_shops, shop
D:5:      layout_basic, minmay_temple_entry_butterflies,
          chequers_serial_rivers_micro_b, minmay_increasing_density

Skill      XL: |  1  2  3  4  5  6  7 |
---------------+----------------------+-----
Armour         | 4 5 |  5.0
Fighting       | 4 5 |  5.0
Long Blades    | 3 4 5 7 |  7.7
Shields        | 4 5 |  5.0

Action                   |  1- 3 |  4- 6 |  7- 9 || total
-------------------------+-------+-------+-------++-------
Melee: Long sword        |    66 |   321 |    44 ||   431
Throw: Boomerang         |       |       |     4 ||     4
 Abil: Hop               |     1 |     2 |       ||     3
Evoke: Wand              |       |     7 |       ||     7
  Use: Potion            |     2 |       |       ||     2
       Scroll            |       |     1 |       ||     1
Armor: Scale mail        |    24 |   143 |       ||   167
       Leather armour    |       |     5 |    17 ||    22
Dodge: Dodged            |     9 |    89 |     5 ||   103
Block: Kite shield       |    35 |   161 |    10 ||   206
       Rpst.: Long sword |     2 |    28 |     2 ||    32

Table legend: (Time is in decaauts)
 A = Elapsed time spent in this place.
 B = Non-inter-level travel time spent in this place.
 C = Inter-level travel time spent in this place.
 D = Time resting spent in this place.
 E = Time spent auto-exploring this place.
 F = Levels seen in this place.
 G = Mean time per level.
                   A        B        C        D        E       F      G
               +--------+--------+--------+--------+--------+-----+--------+
         Total |   6020 |   5778 |    242 |   2134 |   1129 |   5 | 1204.0 |
       Dungeon |   6020 |   5778 |    242 |   2134 |   1129 |   5 | 1204.0 |
               +--------+--------+--------+--------+--------+-----+--------+

Top non-repeatable levels by time:
     D:2: 1703 daAuts
     D:4: 1673 daAuts
     D:3: 1582 daAuts
     D:1: 711 daAuts
     D:5: 349 daAuts
